 Dungeon Crawl Stone Soup version 0.29.1-15-g9cfb28693d (webtiles) character file.

Game seed: 8527674945679498545

147 Agrostarius the Chopper (level 5, 0/47 HPs)
             Began as a Hill Orc Berserker on Mar 31, 2023.
             Was a Believer of Trog.
             Slain by an adder (2 damage)
             ... on level 3 of the Dungeon.
             The game lasted 00:05:05 (2650 turns).

Agrostarius the Chopper (Hill Orc Berserker)        Turns: 2650, Time: 00:05:06

Health: 0/47       AC:  7    Str: 22    XL:     5   Next: 29%
Magic:  5/5        EV: 10    Int:  7    God:    Trog [**....]
Gold:   172        SH:  0    Dex: 10    Spells: 4/4 levels left

rFire   + . .      SeeInvis .   a - +0 hand axe
rCold   . . .      Faith    .   (no shield)
rNeg    . . .      Spirit   .   m - +0 scale mail
rPois   .          Reflect  .   (no helmet)
rElec   .          Harm     .   h - +0 cloak
rCorr   .          Rampage  .   (no gloves)
Will    .....                   (no boots)
Stlth   ..........              (no amulet)
HPRegen 0.15/turn               p - ring of protection from fire
MPRegen 0.09/turn               (no ring)

@: lethally poisoned (0 -> -3), very slow
A: no striking features
a: Renounce Religion, Berserk, Trog's Hand


You were on level 3 of the Dungeon.
You worshipped Trog.
Trog was pleased with you.
You visited 1 branch of the dungeon, and saw 3 of its levels.

You collected 172 gold pieces.

Inventory:

Hand Weapons
 a - a +0 hand axe (weapon)
 q - a +0 falchion
Missiles
 t - 3 poisoned darts (quivered)
Armour
 h - a +0 cloak (worn)
 i - a +0 ring mail
 m - a +0 scale mail (worn)
Jewellery
 l - a +6 ring of intelligence
 p - a ring of protection from fire (left hand)
Wands
 s - a wand of digging (6)
Scrolls
 b - a scroll of vulnerability {unknown}
 c - 2 scrolls of identify {unknown}
 e - a scroll of silence {unknown}
 f - a scroll of magic mapping {unknown}
 k - 2 scrolls of teleportation {unknown}
 n - a scroll of fog {unknown}
 r - a scroll of amnesia {unknown}
Potions
 d - a potion of lignification {unknown}
 g - 2 potions of curing {unknown}
 j - a potion of haste {unknown}
 o - a potion of mutation {unknown}


   Skills:
 + Level 4.9 Fighting
 + Level 5.6 Axes
 + Level 3.1 Armour
 - Level 2.0 Dodging
 - Level 0.3 Stealth


You had 4 spell levels left.
You didn't know any spells.
Your spell library contained the following spells:

 Spells                   Type           Power      Damage    Failure   Level
 Freeze                   Ice            0%         1d3       77%         1
 Sublimation of Blood     Necr           0%         N/A       88%         2
 Wereblood                Tmut           0%         N/A       88%         2
 Frozen Ramparts          Ice            0%         1d1       98%         3
 Hailstorm                Conj/Ice       0%         3d3       100%        4
 Summon Hydra             Summ           0%         N/A       100%        7


Dungeon Overview and Level Annotations

Branches:
Dungeon (3/15)

Altars:
Elyvilon


Message History

The adder closely misses you. x2; The adder misses you.
Your unstable footing causes you to fumble your attack.
The adder bites you. The adder closely misses you. The adder barely misses you.
Your unstable footing causes you to fumble your attack.
The adder closely misses you. The adder bites you but does no damage.
You miss the adder. You hit the adder. The adder bites you but does no damage.
The adder bites you.
You are poisoned.
The adder poisons you! The adder misses you.
Your unstable footing causes you to fumble your attack.
You feel sick. The adder bites you.
* * * LOW HITPOINT WARNING * * *
You are more poisoned.
The adder poisons you! The adder barely misses you.
The adder bites you but does no damage.
You closely miss the adder. You hit the adder.
* * * LOW HITPOINT WARNING * * *
You feel very sick. The adder bites you but does no damage.
The adder bites you.
* * * LOW HITPOINT WARNING * * *
Your unstable footing causes you to fumble your attack.
* * * LOW HITPOINT WARNING * * *
You feel sick. The adder bites you but does no damage.
The adder barely misses you. The adder bites you but does no damage.
Your unstable footing causes you to fumble your attack.
* * * LOW HITPOINT WARNING * * *
You feel sick. The adder closely misses you.
The adder bites you but does no damage. The adder bites you.
* * * LOW HITPOINT WARNING * * *
You slash the adder!
The adder is severely wounded.
You barely miss the adder.
* * * LOW HITPOINT WARNING * * *
You feel sick. The adder bites you but does no damage. The adder bites you.
* * * LOW HITPOINT WARNING * * *
Your unstable footing causes you to fumble your attack.
* * * LOW HITPOINT WARNING * * *
You feel sick. The adder closely misses you.
The adder bites you but does no damage. The adder bites you.
You die...

##### ##...# #####....# ###
#~~~#....# ..# # # #~#~#~...#
..# .#~~~~#~#~#~#~...# ..# .#
#~~rS@#~~~~[.# <## .#
#####S#~#~...# .# .# ~~#~~~†).#
.### #.# ####~#.†..# ...# #.#
#~~~...#
##.####.##########~~....#######
#.............#...†..........#
#####.................######.#
######.....##.#.........#####.#


You could see 2 adders and a rat.

Vanquished Creatures
  A hound (D:3)
  4 adders
  A worm (D:3)
  4 dart slugs
  2 orcs
  9 ball pythons
  4 endoplasms
  4 giant cockroaches
  5 goblins
  6 hobgoblins
  6 jackals (D:1)
  A quokka (D:1)
  6 bats
  2 frilled lizards
  7 kobolds
  4 rats
66 creatures vanquished.

Notes
Turn   | Place    | Note
-------+----------+-------------------------------------------
     0 | D:1      | Agrostarius the Hill Orc Berserker began the quest for the
                  | Orb.
     0 | D:1      | Reached XP level 1. HP: 19/19 MP: 1/1
   263 | D:1      | Reached XP level 2. HP: 22/27 MP: 2/2
   923 | D:1      | Reached XP level 3. HP: 33/33 MP: 3/3
  1291 | D:1      | Found a faded altar of an unknown god.
  1401 | D:1      | Reached ** piety under Trog
  1514 | D:2      | Reached skill level 5 in Axes
  1721 | D:2      | Reached XP level 4. HP: 31/41 MP: 4/4
  1973 | D:2      | Found a white marble altar of Elyvilon.
  2532 | D:3      | Reached XP level 5. HP: 33/47 MP: 5/5
  2650 | D:3      | HP: 2/47 [poisoned by an adder]
  2650 | D:3      | Slain by an adder

Illustrated notes

Levels and vault maps discovered:
D:1:      dpeg_chamrin_arrival_tetris, layout_loops_ring,
          nicolae_ecumenical_snake_handling
D:2:      layout_rooms, basic_altar, minivault_23
D:3:      layout_basic, lightli_sewer_entry_pipes

Skill      XL: |  1  2  3  4 |
---------------+-------------+-----
Fighting       | 4 |  4.9
Axes           | 5 |  5.6
Dodging        | 2 |  2.0
Armour         | 3 |  3.1
Stealth        | |  0.3

Action                   |  1- 3 |  4- 6 || total
-------------------------+-------+-------++-------
Melee: Hand axe          |   127 |   102 ||   229
       Punch             |     1 |     1 ||     2
Invok: Berserk           |       |     2 ||     2
Armor: Animal skin       |     2 |       ||     2
       Leather armour    |    18 |       ||    18
       Ring mail         |    25 |       ||    25
       Scale mail        |       |    57 ||    57
Dodge: Dodged            |    69 |    63 ||   132
